 Dungeon Crawl Stone Soup version 0.31.0-9-g3a7656b989 (webtiles) character file.

Game seed: 11006394483402893313

13318 qw the Nimble (level 11, -10/55 HPs)
             Began as a Spriggan Hunter on Feb 2, 2024.
             Was a High Priest of Okawaru.
             Mangled by a death yak (16 damage)
             ... on level 1 of the Lair of Beasts.
             The game lasted 00:00:56 (10068 turns).

qw the Nimble (Spriggan Hunter)                    Turns: 10068, Time: 00:00:56

Health: -10/55     AC:  4    Str:  7    XL:     11   Next: 74%
Magic:  16/18      EV: 31    Int: 10    God:    Okawaru [*****.]
Gold:   814        SH:  0    Dex: 24    Spells: 10/10 levels left

rFire   + . .        p - +0 orcbow
rCold   . . .        (shield currently unavailable)
rNeg    + . .        h - +2 robe {Will+}
rPois   .            (helmet restricted)
rElec   .            (no cloak)
rCorr   .            (gloves unavailable)
SInv    +            (boots unavailable)
Will    ++...        (no amulet)
Stlth   ++           g - ring of protection from fire
HPRegen 0.29/turn    n - ring of positive energy
MPRegen 0.16/turn

%: no passive effects
@: finesse-ful, very quick
A: very small, no large weapons, unfitting armour, see invisible, speed 3
a: Renounce Religion, Heroism, Finesse, Duel


You were on level 1 of the Lair of Beasts.
You worshipped Okawaru.
Okawaru was extremely pleased with you.
You visited 2 branches of the dungeon, and saw 11 of its levels.

You collected 814 gold pieces.


Innate Abilities, Weirdness & Mutations

You are very small and have problems with some larger weapons.
You are too small for most types of armour.
You have supernaturally acute eyesight. (SInv)
You cover ground extremely quickly. (Speed+++)


   Skills:
 - Level 5.0 Fighting
 + Level 12.8 Ranged Weapons
 - Level 13.0 Dodging
 - Level 1.5 Stealth
 + Level 9.3 Invocations


You had 10 spell levels left.
You didn't know any spells.
Your spell library was empty.

Inventory:

Hand Weapons
 p - a +0 orcbow (weapon)
Armour
 h - a +2 robe of willpower (worn)
 k - +0 acid dragon scales
 m - +0 steam dragon scales
Jewellery
 g - a ring of protection from fire (left hand)
 n - a ring of positive energy (right hand)
Wands
 b - a wand of paralysis (13)
 j - a wand of polymorph (6)
 o - a wand of mindburst (8)
 q - a wand of iceblast (2)
Scrolls
 i - a scroll of enchant armour
Potions
 a - a potion of magic {unknown}
 c - a potion of cancellation {unknown}
 d - a potion of might
 e - a potion of haste
 f - 4 potions of curing
 l - a potion of ambrosia {unknown}
 t - a potion of brilliance {unknown}

Dungeon Overview and Level Annotations

Branches:
Dungeon (10/15)            Temple (0/1) D:6            Lair (1/5) D:10
    Orc: D:9-12

Altars:
Ashenzari
Cheibriados
Dithmenos
Fedhas
Kikubaaqudgha
Nemelex Xobeh
Okawaru
Ru
Uskayaw
Wu Jian
Yredelemnul
Zin
The Shining One

Portals:
Trove: D:10 (give +6 demon trident)

Annotations:
D:4 2 runed translucent doors, Crazy Yiuf
D:10 4 transporters


Message History

You shoot an arrow. The arrow hits the death yak.
The death yak is moderately wounded.
The death yak completely misses you.
You shoot an arrow.
The arrow hits the death yak but does no damage.
The death yak is moderately wounded.
You shoot an arrow. The arrow barely misses the death yak.
The death yak closely misses you.
You shoot an arrow.
The arrow hits the death yak but does no damage.
The death yak is moderately wounded.
You shoot an arrow. The arrow hits the death yak!
The death yak is moderately wounded.
The death yak completely misses you.
You shoot an arrow. The arrow hits the death yak!
The death yak is heavily wounded.
You shoot an arrow. The arrow hits the death yak.
The death yak is heavily wounded.
You shoot an arrow. The arrow barely misses the death yak.
The death yak misses you.
You shoot an arrow. The arrow barely misses the death yak.
You shoot an arrow. The arrow hits the death yak.
The death yak is heavily wounded.
The death yak closely misses you.
You shoot an arrow.
The arrow hits the death yak but does no damage.
The death yak is heavily wounded.
You shoot an arrow. The arrow barely misses the death yak.
The death yak gores you!
You shoot an arrow. The arrow hits the death yak!
The death yak is heavily wounded.
You shoot an arrow. The arrow hits the death yak.
The death yak is heavily wounded.
The death yak completely misses you.
You shoot an arrow. The arrow hits the death yak!
The death yak is severely wounded.
You shoot an arrow. The arrow hits the death yak.
The death yak is severely wounded.
The death yak gores you!
You die...

########.####.####
....................#
...................##
...................#
...[...............#
...................#
...................##
......Y.............#
......%@............#
.####.%###P........##
### ##........#
#........#
#........##
#.........#
P........##
#.........#
#...%....P#


You could see a death yak.

Vanquished Creatures
  3 two-headed ogres
  3 death yaks (Lair:1)
  A gargoyle (D:10)
  Maggie (D:6)
  A komodo dragon (Lair:1)
  Grinder (D:5)
  A troll (D:10)
  3 blink frogs (Lair:1)
  A shadow (D:10)
  2 wyverns
  Eustachio (D:4)
  A basilisk (Lair:1)
  24 yaks
  A wraith (D:9)
  Menkaure (D:5)
  3 steam dragons
  An acid dragon (D:10)
  3 water moccasins
  Duvessa (D:5)
  A black bear (D:8)
  3 orc warriors
  3 ice beasts (D:5)
  A sky beast (D:5)
  2 ogres
  2 centaurs
  A kobold brigand (D:7)
  4 bullfrogs
  2 gnoll sergeants
  Blork the orc (D:6)
  2 scorpions (D:6)
  A wight (D:10)
  Dowan (D:5)
  4 killer bees (D:10)
  2 howler monkeys
  A lava snake (D:10)
  4 orc priests
  2 bombardier beetles
  3 hounds (D:5)
  A sleepcap (D:6)
  3 iguanas
  2 orc wizards
  8 gnolls
  8 adders
  A shadow imp (D:6)
  3 dart slugs
  2 ribbon worms (D:2)
  17 orcs
  3 bats
  3 endoplasms
  8 giant cockroaches
  10 hobgoblins
  10 jackals
  10 kobolds
  4 quokkas
  3 ball pythons
  4 frilled lizards
  11 goblins
  8 rats
212 creatures vanquished.

Notes
Turn   | Place    | Note
-------+----------+-------------------------------------------
     0 | D:1      | qw the Spriggan Hunter began the quest for the Orb.
     0 | D:1      | Reached XP level 1. HP: 10/10 MP: 2/2
     0 | D:1      | 0 ||| qw: Version: 0.3-a-155-g5e7d8dd
     0 | D:1      | 0 ||| qw: Game counter: 1792
     0 | D:1      | 0 ||| qw: Melee chars always use a shield: true
     0 | D:1      | 0 ||| qw: God list: Okawaru
     0 | D:1      | 0 ||| qw: Allow faded altars: false
     0 | D:1      | 0 ||| qw: Do Orc after clearing Dungeon:15 true
     0 | D:1      | 0 ||| qw: Do second Lair branch before Depths: true
     0 | D:1      | 0 ||| qw: Lair rune preference: random
     0 | D:1      | 0 ||| qw: Goals: Normal
     0 | D:1      | 0 ||| PLANNING D:1-11
    55 | D:1      | Reached skill level 3 in Dodging
    63 | D:1      | Reached XP level 2. HP: 14/14 MP: 3/3
    84 | D:1      | Reached skill level 4 in Dodging
   439 | D:1      | Found a faded altar of an unknown god.
   488 | D:1      | Reached XP level 3. HP: 18/18 MP: 4/4
   746 | D:1      | 746 ||| UPGRADING to ring of protection from fire.
   747 | D:1      | 747 ||| READING scroll labelled EKOISU ZEEMADOMIGE.
   748 | D:1      | 748 ||| READING scroll labelled LUSTOOJ MYAQE.
   748 | D:1      | 748 ||| ENCHANTING +0 shortbow.
   749 | D:1      | 749 ||| DRINKING 2 orange potions.
   750 | D:1      | 750 ||| DROPPING scroll of butterflies.
   752 | D:1      | 752 ||| Stepping ~*~*~tactically~*~*~ (cloud).
   761 | D:1      | HP: 4/18 [poisoned by you (poison gas)]
   974 | D:2      | Found a glowing silver altar of Zin.
  1097 | D:2      | Reached XP level 4. HP: 13/22 MP: 5/5
  1493 | D:2      | 1493 ||| READING scroll labelled CAWKOD KIKH.
  1494 | D:2      | 1494 ||| READING scroll labelled KEOCIFUVUE.
  1536 | D:2      | 1536 ||| DRINKING 2 emerald potions.
  1611 | D:3      | Noticed an orc warrior
  1614 | D:3      | 1614 ||| ZAPPING wand of paralysis (15) at -5,0 (orc
                  | warrior; floor).
  1615 | D:3      | 1615 ||| ZAPPING wand of paralysis (14) at -4,0 (orc
                  | warrior; floor).
  1638 | D:3      | Killed an orc warrior
  1639 | D:3      | Reached skill level 6 in Dodging
  1639 | D:3      | Reached XP level 5. HP: 15/25 MP: 6/6
  2253 | D:4      | Noticed Eustachio
  2254 | D:4      | 2254 ||| ZAPPING wand of paralysis (13) at -1,2 (Eustachio;
                  | floor).
  2255 | D:4      | 2255 ||| ZAPPING wand of paralysis (12) at -1,1 (Eustachio;
                  | floor).
  2256 | D:4      | 2256 ||| ZAPPING wand of paralysis (11) at -1,3 (Eustachio;
                  | floor).
  2274 | D:4      | Killed Eustachio
  2275 | D:4      | Reached skill level 6 in Ranged Weapons
  2275 | D:4      | Reached XP level 6. HP: 22/30 MP: 7/7
  2357 | D:4      | Found an iron altar of Okawaru.
  2358 | D:4      | 2358 ||| PLANNING OKAWARU WORSHIP
  2358 | D:4      | 2358 ||| READING scroll labelled ZYCWOL NACOE.
  2361 | D:4      | Found a runed translucent door.
  2365 | D:4      | Found the +0 toga "Victory" {*Victory Clar}
  2367 | D:4      | Became a worshipper of Warmaster Okawaru
  2368 | D:4      | 2368 ||| PLANNING D:1-11
  2381 | D:4      | Found a blossoming altar of Fedhas.
  2381 | D:4      | Found a sparkling altar of Nemelex Xobeh.
  2382 | D:4      | Found a sacrificial altar of Ru.
  2384 | D:4      | Found an ancient bone altar of Kikubaaqudgha.
  2590 | D:4      | Found an ornate altar of the Wu Jian Council.
  2591 | D:4      | 2591 ||| DRINKING 2 murky black potions.
  2592 | D:4      | 2592 ||| DROPPING potion of attraction.
  2914 | D:4      | Found a runed translucent door.
  2915 | D:4      | Noticed Crazy Yiuf
  2993 | D:4      | 2993 ||| READING scroll labelled IQITOM YRE TUU.
  3017 | D:5      | Entered Level 5 of the Dungeon
  3017 | D:5      | Noticed an ice beast
  3018 | D:5      | 3018 ||| ZAPPING wand of paralysis (10) at 4,1 (ice beast;
                  | floor).
  3019 | D:5      | 3019 ||| ZAPPING wand of paralysis (9) at 3,1 (ice beast;
                  | floor).
  3034 | D:5      | 3034 ||| ZAPPING wand of flame (14) at 2,1 (ice beast;
                  | floor).
  3034 | D:5      | Killed an ice beast
  3035 | D:5      | Reached XP level 7. HP: 35/35 MP: 8/8
  3239 | D:5      | Reached * piety under Okawaru
  3240 | D:5      | Reached skill level 7 in Dodging
  3270 | D:5      | Reached skill level 1 in Invocations
  3271 | D:5      | HP: 7/35 [ice beast (6)]
  3272 | D:5      | 3272 ||| DRINKING 2 potions of heal wounds.
  3370 | D:5      | Found a glowing silver altar of Zin.
  3394 | D:5      | Noticed Grinder
  3395 | D:5      | 3395 ||| INVOKING Heroism.
  3413 | D:5      | Killed Grinder
  3414 | D:5      | Reached skill level 3 in Invocations
  3414 | D:5      | Reached XP level 8. HP: 39/39 MP: 8/11
  3682 | D:5      | Noticed Menkaure
  3688 | D:5      | Killed Menkaure
  3688 | D:5      | Reached ** piety under Okawaru
  3689 | D:5      | Reached skill level 8 in Dodging
  3900 | D:5      | Noticed Dowan
  3902 | D:5      | Noticed Duvessa
  3904 | D:5      | 3904 ||| RETREEEEATING.
  3905 | D:5      | 3905 ||| RETREEEEATING.
  3909 | D:5      | 3909 ||| INVOKING Heroism.
  3917 | D:5      | Killed Dowan
  3918 | D:5      | 3918 ||| RETREEEEATING.
  3919 | D:5      | 3919 ||| ZAPPING wand of paralysis (8) at 0,1 (Duvessa;
                  | floor).
  3920 | D:5      | 3920 ||| ZAPPING wand of paralysis (7) at 0,1 (Duvessa;
                  | floor).
  3925 | D:5      | 3925 ||| INVOKING Heroism.
  3930 | D:5      | HP: 3/39 [Duvessa/+0 short sword (15)]
  3931 | D:5      | 3931 ||| DRINKING potion of heal wounds.
  3932 | D:5      | Killed Duvessa
  3933 | D:5      | Reached skill level 3 in Fighting
  4041 | D:5      | Found a snail-covered altar of Cheibriados.
  4167 | D:5      | 4167 ||| UPGRADING to ring of positive energy.
  4168 | D:5      | 4168 ||| READING scroll labelled OCUHICHYIL.
  4169 | D:5      | 4169 ||| READING 2 scrolls labelled CUIGEE INNIE.
  4173 | D:5      | 4173 ||| READING scroll labelled YRUICL JUYLANA.
  4173 | D:5      | 4173 ||| IDENTIFYING puce potion
  4338 | D:6      | Found a broken altar of Ashenzari.
  4413 | D:6      | Noticed Maggie
  4414 | D:6      | 4414 ||| INVOKING Heroism.
  4435 | D:6      | Killed Maggie
  4436 | D:6      | Reached skill level 9 in Ranged Weapons
  4485 | D:6      | Found a staircase to the Ecumenical Temple.
  4491 | D:6      | 4491 ||| RETREEEEATING.
  4511 | D:6      | HP: 2/40 [gnoll sergeant/+0 trident (9)]
  4512 | D:6      | 4512 ||| READING scroll of teleportation.
  4513 | D:6      | 4513 ||| DRINKING potion of heal wounds.
  4626 | D:6      | Found a basalt altar of Yredelemnul.
  4673 | D:6      | Reached XP level 9. HP: 44/44 MP: 13/13
  4682 | D:6      | Reached skill level 9 in Dodging
  4805 | D:6      | Noticed Blork the orc
  4813 | D:6      | Killed Blork the orc
  5337 | D:6      | 5337 ||| UPGRADING to +2 robe of willpower.
  5347 | D:6      | 5347 ||| DROPPING +0 robe.
  5348 | D:6      | 5348 ||| DRINKING 2 black potions.
  5379 | D:6      | 5379 ||| DROPPING potion of lignification.
  5380 | D:6      | 5380 ||| DROPPING wand of flame (26).
  5445 | D:7      | Found a shadowy altar of Dithmenos.
  5460 | D:7      | Reached skill level 10 in Dodging
  6084 | D:7      | Reached *** piety under Okawaru
  6171 | D:7      | 6171 ||| READING scroll of identify.
  6171 | D:7      | 6171 ||| IDENTIFYING lumpy red potion
  6172 | D:7      | 6172 ||| READING scroll labelled JAOPUI KEBU.
  6219 | D:8      | 6219 ||| STAIRDANCE
  6472 | D:8      | 6472 ||| ZAPPING wand of mindburst (9) at 1,0 (black bear;
                  | floor).
  6659 | D:8      | 6659 ||| RETREEEEATING.
  6660 | D:8      | 6660 ||| RETREEEEATING.
  6661 | D:8      | 6661 ||| SWAPPING to +0 orcbow.
  6662 | D:8      | 6662 ||| INVOKING Heroism.
  6682 | D:8      | Reached skill level 11 in Dodging
  6696 | D:8      | HP: 6/45 [yak (10)]
  6697 | D:8      | 6697 ||| READING scroll of teleportation.
  6698 | D:8      | 6698 ||| DRINKING potion of heal wounds.
  6706 | D:8      | 6706 ||| RETREEEEATING.
  6707 | D:8      | 6707 ||| RETREEEEATING.
  6708 | D:8      | 6708 ||| RETREEEEATING.
  6709 | D:8      | 6709 ||| RETREEEEATING.
  6710 | D:8      | 6710 ||| RETREEEEATING.
  6711 | D:8      | 6711 ||| RETREEEEATING.
  6712 | D:8      | 6712 ||| RETREEEEATING.
  6713 | D:8      | 6713 ||| RETREEEEATING.
  6718 | D:8      | Reached XP level 10. HP: 33/50 MP: 14/14
  6836 | D:8      | 6836 ||| DROPPING +0 shortbow.
  6980 | D:8      | Noticed a two-headed ogre
  6981 | D:8      | 6981 ||| INVOKING Heroism.
  6987 | D:8      | Killed a two-headed ogre
  7028 | D:8      | Reached **** piety under Okawaru
  7304 | D:8      | 7304 ||| DROPPING amulet of magic regeneration.
  7305 | D:8      | 7305 ||| READING scroll labelled IHITSY GUNAPRI.
  7443 | D:9      | 7443 ||| RETREEEEATING.
  7447 | D:9      | 7447 ||| RETREEEEATING.
  7451 | D:9      | 7451 ||| RETREEEEATING.
  7452 | D:9      | 7452 ||| RETREEEEATING.
  7453 | D:9      | 7453 ||| RETREEEEATING.
  7464 | D:9      | 7464 ||| INVOKING Finesse.
  7484 | D:9      | Reached skill level 12 in Dodging
  8148 | D:9      | 8148 ||| RETREEEEATING.
  8149 | D:9      | 8149 ||| RETREEEEATING.
  8172 | D:9      | Reached skill level 6 in Invocations
  8174 | D:9      | Reached skill level 12 in Ranged Weapons
  8300 | D:10     | Entered Level 10 of the Dungeon
  8305 | D:10     | Noticed a gargoyle
  8306 | D:10     | 8306 ||| INVOKING Finesse.
  8307 | D:10     | 8307 ||| INVOKING Finesse.
  8314 | D:10     | Killed a gargoyle
  8355 | D:10     | Noticed a two-headed ogre
  8361 | D:10     | 8361 ||| INVOKING Finesse.
  8366 | D:10     | Killed a two-headed ogre
  8425 | D:10     | Found a hide-covered altar of Uskayaw.
  8428 | D:10     | Found a flagged portal.
  8461 | D:10     | HP: 11/50 [killer bee (5)]
  8462 | D:10     | 8462 ||| DRINKING 2 potions of heal wounds.
  8466 | D:10     | HP: 12/50 [killer bee (3)]
  8467 | D:10     | 8467 ||| DRINKING potion of heal wounds.
  8473 | D:10     | HP: 12/50 [poisoned by a killer bee]
  8477 | D:10     | Reached XP level 11. HP: 11/53 MP: 17/17
  8478 | D:10     | HP: 10/53 [poisoned by a killer bee]
  8738 | D:10     | Found a portal to a secret trove of treasure.
  8766 | D:10     | Found a staircase to the Lair.
  8828 | D:10     | 8828 ||| RETREEEEATING.
  8851 | D:10     | Reached ***** piety under Okawaru
  8860 | D:10     | HP: 13/53 [yak (6)]
  8862 | D:10     | HP: 3/53 [yak (10)]
  8866 | D:10     | Reached skill level 13 in Dodging
  9060 | D:10     | 9060 ||| RETREEEEATING.
  9063 | D:10     | 9063 ||| RETREEEEATING.
  9064 | D:10     | 9064 ||| RETREEEEATING.
  9065 | D:10     | 9065 ||| RETREEEEATING.
  9066 | D:10     | 9066 ||| RETREEEEATING.
  9067 | D:10     | 9067 ||| RETREEEEATING.
  9068 | D:10     | 9068 ||| RETREEEEATING.
  9069 | D:10     | 9069 ||| RETREEEEATING.
  9071 | D:10     | 9071 ||| RETREEEEATING.
  9083 | D:10     | Noticed a two-headed ogre
  9084 | D:10     | 9084 ||| INVOKING Finesse.
  9092 | D:10     | Killed a two-headed ogre
  9255 | D:10     | 9255 ||| RETREEEEATING.
  9256 | D:10     | 9256 ||| RETREEEEATING.
  9257 | D:10     | 9257 ||| RETREEEEATING.
  9262 | D:10     | Received a gift from Okawaru
  9286 | D:10     | Found a transporter.
  9307 | D:10     | Found a transporter.
  9336 | D:10     | Found a transporter.
  9338 | D:10     | Found a transporter.
  9380 | D:10     | Found a glowing golden altar of the Shining One.
  9653 | D:10     | 9653 ||| PLANNING LAIR
  9653 | D:10     | 9653 ||| READING scroll labelled FEYPRE SIUHIE.
  9654 | D:10     | 9654 ||| READING scroll labelled MELECRULOE.
  9697 | Lair:1   | Entered Level 1 of the Lair of Beasts
  9720 | Lair:1   | 9720 ||| RETREEEEATING.
  9721 | Lair:1   | 9721 ||| RETREEEEATING.
  9722 | Lair:1   | 9722 ||| RETREEEEATING.
  9723 | Lair:1   | 9723 ||| RETREEEEATING.
  9724 | Lair:1   | 9724 ||| RETREEEEATING.
  9751 | Lair:1   | 9751 ||| FLEEEEING.
  9752 | Lair:1   | 9752 ||| FLEEEEING.
  9753 | Lair:1   | 9753 ||| FLEEEEING.
  9754 | Lair:1   | 9754 ||| FLEEEEING.
  9755 | Lair:1   | 9755 ||| FLEEEEING.
  9756 | Lair:1   | 9756 ||| FLEEEEING.
  9757 | Lair:1   | 9757 ||| STAIRDANCE
  9963 | Lair:1   | Noticed a death yak
  9964 | Lair:1   | 9964 ||| INVOKING Finesse.
  9984 | Lair:1   | Killed a death yak
 10007 | Lair:1   | Noticed a death yak
 10009 | Lair:1   | Noticed a death yak
 10018 | Lair:1   | Noticed a death yak
 10028 | Lair:1   | Killed a death yak
 10029 | Lair:1   | Reached skill level 9 in Invocations
 10030 | Lair:1   | 10030 ||| INVOKING Finesse.
 10040 | Lair:1   | HP: 13/55 [death yak (1)]
 10041 | Lair:1   | 10041 ||| DRINKING potion of heal wounds.
 10051 | Lair:1   | Killed a death yak
 10064 | Lair:1   | HP: 5/55 [death yak (11)]
 10068 | Lair:1   | Mangled by a death yak

Levels and vault maps discovered:
D:1:      dpeg_arrival_erosion, layout_loops_cross,
          chequers_ecumenical_altar_simple, chequers_serial_rivers_small_3
D:2:      layout_loops_ring, basic_altar, minmay_close_crescents
D:3:      layout_basic
D:4:      layout_loops_ring, grunt_temple_overflow_open,
          nicolae_wu_jian_immortal_techniques,
          nicolae_overflow_guarded_unrand_okawaru_victory, serial_forest,
          infiniplex_forest_join, infiniplex_forest_lined_ring,
          infiniplex_forest_lined_1, infiniplex_forest_lined_3_way,
          infiniplex_forest_lined_1, infiniplex_forest_lined_3,
          infiniplex_forest_corner_2, uniq_crazy_yiuf_cottage, uniq_eustachio
D:5:      layout_loops_ring, marbit_many_paths, amcnicky_altar_gilded,
          uniq_grinder, uniq_duvessa, uniq_menkaure
D:6:      layout_cave_pods, kennysheep_mini_moat, mainiacjoe_overflow_chevrons,
          minmay_temple_entry_tees, kennysheep_nondescript, uniq_blork_the_orc,
          uniq_maggie
D:7:      layout_loops_ring, nicolae_dithmenos_shadow_blocks
D:8:      layout_loops_ring
D:9:      layout_loops_ring
D:10:     minmay_angry_zag, layout_basic, nicolae_uskayaw_suspiria,
          tso_oasis_becter, lair_entry_dummy, enter_trove_1, enter_bailey_3,
          nicolae_transporter_circle
Lair:1:   minmay_guarded_unrand_snakebite, layout_big_grid, serial_bayou_shore_a

Skill      XL: |  1  2  3  4  5  6  7  8  9 10 11 |
---------------+----------------------------------+-----
Dodging        | 3 4 6 7 8 11 12 13 | 13.0
Ranged Weapons | 5 6 7 9 10 12 | 12.8
Fighting       | 2 3 4 5 |  5.0
Invocations    | 3 4 6 9 |  9.3
Stealth        | |  1.5

Action                     |  1- 3 |  4- 6 |  7- 9 | 10-12 || total
---------------------------+-------+-------+-------+-------++-------
   Fire: Shortbow          |   111 |   190 |   398 |       ||   699
         Orcbow            |       |       |    41 |   490 ||   531
 Invoke: Heroism           |       |       |     5 |     1 ||     6
         Finesse           |       |       |       |     6 ||     6
  Evoke: Wand              |       |     8 |     3 |       ||    11
    Use: Scroll            |     2 |     4 |     7 |     3 ||    16
         Potion            |     1 |     2 |     5 |     3 ||    11
 Armour: Robe              |    13 |    22 |    66 |    69 ||   170
  Dodge: Dodged            |    44 |    65 |   235 |   291 ||   635

Table legend:
 A = Non-vault XP
 B = Vault XP
 C = Vault XP percentage of total XP
 D = Non-vault monster count
 E = Vault monster count
 F = Vault count percentage of total count
                 A         B        C        D         E       F
            +---------+---------+-------+---------+---------+-------
      Total |   16869 |    2158 |  11.3 |     189 |      23 |  10.8
            +---------+---------+-------+---------+---------+-------
        D:1 |      45 |       0 |   0.0 |      23 |       0 |   0.0
        D:2 |      61 |      13 |  17.6 |      22 |       5 |  18.5
        D:3 |     226 |       0 |   0.0 |      20 |       0 |   0.0
        D:4 |      98 |     203 |  67.4 |      14 |       1 |   6.7
        D:5 |     743 |     827 |  52.7 |      14 |       5 |  26.3
        D:6 |     557 |     455 |  45.0 |      13 |       2 |  13.3
        D:7 |     635 |       0 |   0.0 |       5 |       0 |   0.0
        D:8 |    2987 |       0 |   0.0 |      33 |       0 |   0.0
        D:9 |    2702 |       0 |   0.0 |      16 |       0 |   0.0
       D:10 |    4770 |     660 |  12.2 |      19 |      10 |  34.5
     Lair:1 |    4045 |       0 |   0.0 |      10 |       0 |   0.0
            +---------+---------+-------+---------+---------+-------
